 Dungeon Crawl Stone Soup version 0.31-a0-1172-g9944ec4 (webtiles) character file.

Game seed: 9710139616024691059

1890368 heloo0000 the Conqueror (level 25, 202/229 (231) HPs)
             Began as a Minotaur Fighter on Dec 10, 2023.
             Was the Champion of Okawaru.
             Escaped with the Orb
             ... and 3 runes!
             The game lasted 02:02:52 (53075 turns).

heloo0000 the Conqueror (Minotaur Fighter)         Turns: 53075, Time: 02:02:53

HP:   202/229 (231) AC: 39    Str: 40    XL:     25   Next: 62%
MP:   31/31         EV:  8    Int: 16    God:    Okawaru [******]
Gold: 6409          SH: 24    Dex: 11    Spells: 24/24 levels left

rFire   + + +        A - +9 broad axe (spect)
rCold   + + +        c - +9 kite shield of Yheyruwk {Regen+ Int+3}
rNeg    + + .        N - +7 gold dragon scales
rPois   +            (helmet restricted)
rElec   +            m - scarf {rC+ rF+}
rCorr   +            r - +2 pair of gloves of Muaweufymu {rElec Str+9 Dex-4}
SInv    +            W - +2 pair of boots
Will    ++++.        O - amulet of the Four Winds {rN+ Will+++ Clar} Stlth
                     n - ring "Vejose" {Fly rF+ rC+ rN+ Dex+4}
HPRegen 1.38/turn    e - ring "Esiag" {rCorr Str+3 SInv}
MPRegen 0.22/turn

%: clarity
@: flying, studying 3 skills, lightly drained
A: horns 2, retaliatory headbutt, clever 2, frail 1
0: Orb of Zot
}: 3/15 runes: decaying, serpentine, silver
a: Renounce Religion, Heroism, Finesse, Duel


You escaped.
You worshipped Okawaru.
Okawaru was exalted by your worship.
You visited 9 branches of the dungeon, and saw 45 of its levels.
You also visited: Trove, Ice Cave and Wizlab.

You collected 6589 gold pieces.
You spent 180 gold pieces at shops.

Inventory:

Hand Weapons
 A - a +9 spectral broad axe (weapon)
Missiles
 k - 25 curare-tipped darts
 p - 29 javelins
 K - 28 silver javelins
Armour
 b - the +5 Storm Queen's Shield {shock, Fly rElec}
   (You took it off an orc knight on level 13 of the Dungeon)

   Shock:     When it blocks an attack, it may electrocute the attacker.
   This works even against foes who are a short distance away.
   rElec:     It insulates you from electricity.
   Fly:       It grants you flight.
 c - the +9 kite shield of Yheyruwk (worn) {Regen+ Int+3}
   (You acquired it on level 11 of the Dungeon)

   Int+3:     It affects your intelligence (+3).
   Regen+:    It increases your rate of health regeneration.
 m - a scarf of resistance (worn)
 r - the +2 pair of gloves of Muaweufymu (worn) {rElec Str+9 Dex-4}
   (You acquired it on level 4 of the Vaults)

   Str+9:     It affects your strength (+9).
   Dex-4:     It affects your dexterity (-4).
   rElec:     It insulates you from electricity.
 N - +7 gold dragon scales (worn)
 W - a +2 pair of boots (worn)
Jewellery
 e - the ring "Esiag" (right hand) {rCorr Str+3 SInv}
   (You found it in a treasure trove)

   [ring of see invisible]

   Str+3:     It affects your strength (+3).
   SInv:      It lets you see invisible.
   rCorr:     It protects you from acid and corrosion.
 f - the amulet "Caghiown" {Reflect rF+ MP+9 Dex+2 SH+5}
   (You found it in a treasure trove)

   [amulet of reflection]

   Reflect:   It reflects blocked missile attacks.
   Dex+2:     It affects your dexterity (+2).
   rF+:       It protects you from fire.
   MP+9:      It affects your magic capacity (+9).
   SH+5:      It affects your SH (+5).
 i - the necklace of Bloodlust {Fury *Rage Will++ Int-3 Slay+6}
   (You found it on level 5 of the Vaults)

   [amulet of nothing]

   Fury:      It extends the wearer's berserk rage when killing foes.
   Int-3:     It affects your intelligence (-3).
   Slay+6:    It affects your accuracy & damage with ranged weapons and melee
   (+6).
   Will++:    It greatly increases your willpower.
   *Rage:     It berserks you when you make melee attacks (+50% chance).
 n - the ring "Vejose" (left hand) {Fly rF+ rC+ rN+ Dex+4}
   (You found it in a treasure trove)

   [ring of flight]

   Dex+4:     It affects your dexterity (+4).
   rF+:       It protects you from fire.
   rC+:       It protects you from cold.
   rN+:       It protects you from negative energy.
   Fly:       It grants you flight.
 s - the ring of Starshine {*Corrode Fly rPois Will+++ Dex+6}
   (You found it in a treasure trove)

   [ring of dexterity]

   Dex+6:     It affects your dexterity (+6).
   rPois:     It protects you from poison Will+++: It greatly increases your
   willpower.
   Fly:       It grants you flight.
   *Corrode:  It may corrode you when you take damage.
 t - the ring "Cacsus" {rF+ rC+++ Will- rCorr Str-5}
   (You found it in a treasure trove)

   [ring of protection from fire]

   Str-5:     It affects your strength (-5).
   rF+:       It protects you from fire.
   rC+++:     It renders you almost immune to cold.
   Will-:     It decreases your willpower.
   rCorr:     It protects you from acid and corrosion.
 O - the amulet of the Four Winds (around neck) {rN+ Will+++ Clar}
   (You found it on level 3 of the Depths)

   [amulet of nothing]

   rN+:       It protects you from negative energy.
   Will+++:   It greatly increases your willpower.
   Clar:      It protects you from confusion, rage, mesmerisation and fear.
Wands
 u - a wand of quicksilver (16)
 x - a wand of polymorph (35)
Scrolls
 g - 11 scrolls of noise
 o - 8 scrolls of teleportation
 v - 3 scrolls of fog
 w - 10 scrolls of poison
 y - 5 scrolls of blinking
 B - 2 scrolls of revelation
 P - 10 scrolls of fear
 Q - 7 scrolls of immolation
 R - 7 scrolls of vulnerability
 S - 5 scrolls of torment
 T - 5 scrolls of enchant weapon
 U - 3 scrolls of butterflies
 V - a scroll of silence
 X - 2 scrolls of brand weapon
Potions
 a - a potion of ambrosia
 j - 3 potions of brilliance
 l - 10 potions of might
 q - 12 potions of attraction
 z - 8 potions of haste
 C - 3 potions of heal wounds
 D - 2 potions of invisibility
 F - 2 potions of berserk rage
 G - 3 potions of mutation
 H - 17 potions of curing
 J - 6 potions of resistance
 L - 4 potions of enlightenment
 Y - 4 potions of lignification
 Z - 3 potions of cancellation
Miscellaneous
 d - a lightning rod (4/4)
 h - a phial of floods
 I - a tin of tremorstones (2/2)


   Skills:
 O Level 27 Fighting
 - Level 22.0 Axes
 - Level 22.0 Throwing
 - Level 22.0 Armour
 - Level 22.0 Shields
 - Level 12.0 Invocations
 + Level 12.6 Evocations


You had 24 spell levels left.
You didn't know any spells.
Your spell library contained the following spells:

 Spells                   Type           Power      Damage    Failure   Level
 Kiss of Death            Conj/Necr      0%         2d5       80%         1
 Magic Dart               Conj           0%         1d3       80%         1
 Necrotise                Necr           0%         1d4       80%         1
 Sandblast                Erth           0%         2d4       80%         1
 Blink                    Tloc           0%         N/A       91%         2
 Cigotuvi's Dreadful Rot  Necr/Pois/Air  0%         N/A       91%         2
 Ensorcelled Hibernation  Hex/Ice        0%         N/A       91%         2
 Jinxbite                 Hex            0%         N/A       91%         2
 Lesser Beckoning         Tloc           0%         N/A       91%         2
 Passwall                 Tmut/Erth      0%         N/A       91%         2
 Poisonous Vapours        Pois/Air       0%         N/A       91%         2
 Scorch                   Fire           0%         2d5       91%         2
 Static Discharge         Conj/Air       0%         3-3/arc   91%         2
 Sublimation of Blood     Necr           0%         N/A       91%         2
 Wereblood                Tmut           0%         N/A       91%         2
 Confusing Touch          Hex            0%         N/A       99%         3
 Gell's Gravitas          Tloc           0%         N/A       99%         3
 Hailstorm                Conj/Ice       0%         3d5       99%         3
 Inner Flame              Hex/Fire       0%         N/A       99%         3
 Mephitic Cloud           Conj/Pois/Air  0%         N/A       99%         3
 Ozocubu's Armour         Ice            0%         N/A       99%         3
 Sigil of Binding         Hex            0%         N/A       99%         3
 Stone Arrow              Conj/Erth      0%         3d7       99%         3
 Swiftness                Air            0%         N/A       99%         3
 Teleport Other           Tloc           0%         N/A       99%         3
 Vampiric Draining        Necr           0%         2d6       99%         3
 Volatile Blastmotes      Fire/Tloc      0%         2d10      99%         3
 Anguish                  Hex/Necr       0%         N/A       100%        4
 Brom's Barrelling Bould  Conj/Erth      0%         2d3       100%        4
 Dimensional Bullseye     Hex/Tloc       0%         N/A       100%        4
 Dispel Undead            Necr           0%         3d6       100%        4
 Flame Wave               Conj/Fire      0%         2d4       100%        4
 Fulminant Prism          Conj/Hex       0%         3d5       100%        4
 Iskenderun's Mystic Bla  Conj/Tloc      0%         2d3       100%        4
 Leda's Liquefaction      Hex/Erth       0%         N/A       100%        4
 Manifold Assault         Tloc           0%         N/A       100%        4
 Olgreb's Toxic Radiance  Pois           0%         N/A       100%        4
 Passage of Golubria      Tloc           0%         N/A       100%        4
 Petrify                  Tmut/Erth      0%         N/A       100%        4
 Vhi's Electric Charge    Tloc/Air       0%         N/A       100%        4
 Agony                    Necr           0%         N/A       100%        5
 Alistair's Intoxication  Tmut/Pois      0%         N/A       100%        5
 Arcjolt                  Conj/Air       0%         1d10      100%        5
 Borgnjor's Vile Clutch   Necr/Erth      0%         N/A       100%        5
 Freezing Cloud           Conj/Ice/Air   0%         6-21      100%        5
 Irradiate                Conj/Tmut      0%         3d11      100%        5
 Lee's Rapid Deconstruct  Erth           0%         3d4*      100%        5
 Silence                  Hex/Air        0%         N/A       100%        5
 Yara's Violent Unravell  Hex/Tmut       0%         3d3       100%        5
 Bombard                  Conj/Erth      0%         9d1       100%        6
 Eringya's Noxious Bog    Tmut/Pois      0%         4d6       100%        6
 Enfeeble                 Hex            0%         N/A       100%        7
 Orb of Destruction       Conj           0%         9d5       100%        7
 Ozocubu's Refrigeration  Ice            0%         4d7       100%        7
 Borgnjor's Revivificati  Necr           0%         N/A       100%        8
 Discord                  Hex            0%         N/A       100%        8
 Ignition                 Fire           0%         3d3       100%        8
 Lehudib's Crystal Spear  Conj/Erth      0%         10d2      100%        8
 Maxwell's Capacitive Co  Air            0%         ∞         100%        8
 Death's Door             Necr           0%         N/A       100%        9
 Call Imp                 Summ           Unusable   N/A       N/A         2
 Call Canine Familiar     Summ           Unusable   N/A       N/A         3
 Summon Guardian Golem    Hex/Summ       Unusable   N/A       N/A         3
 Summon Ice Beast         Ice/Summ       Unusable   N/A       N/A         4
 Death Channel            Necr           Unusable   N/A       N/A         6
 Simulacrum               Ice/Necr       Unusable   N/A       N/A         6
 Summon Cactus Giant      Summ           Unusable   N/A       N/A         6
 Haunt                    Necr/Summ      Unusable   N/A       N/A         7
 Spellforged Servitor     Conj/Summ      Unusable   N/A       N/A         7
 Summon Hydra             Summ           Unusable   N/A       N/A         7

Dungeon Overview and Level Annotations

Branches:
Dungeon (15/15)            Temple (1/1) D:6            Lair (5/5) D:9
  Swamp (4/4) Lair:3        Snake (4/4) Lair:3        Slime (0/5) Lair:5
    Orc (2/2) D:11            Elf (0/3) Orc:2        Vaults (5/5) D:14
  Crypt (0/3) Vaults:3     Depths (4/4) D:15            Zot (5/5) Depths:4
  IceCv (visited)          WizLab (visited)

Altars:
Ashenzari
Cheibriados
Dithmenos
Elyvilon
Fedhas
Gozag
Hepliaklqana
Kikubaaqudgha
Makhleb
Nemelex Xobeh
Okawaru
Qazlal
Ru
Sif Muna
Trog
Uskayaw
Vehumet
Wu Jian
Xom
Yredelemnul
Zin
The Shining One
Jiyva

Shops:
D:8 !   Orc:2 (((*   Snake:3 *:   Vaults:1 [=   Vaults:4 ?   Vaults:5 (

Portals:
Hell: Depths:1 Depths:2 Depths:3 Depths:4
Abyss: Depths:1 Depths:3
Pandemonium: Depths:1 Depths:2 Depths:4
Ziggurat: Depths:1

Annotations:
D:5 3 runed translucent doors, magiryoung's ghost, novice DrSh
Orc:2 1 runed translucent door, Kearsarge's ghost, journeyman MfFi
Depths:2 9 runed translucent doors, Peraum's ghost, veteran MfSu


Innate Abilities, Weirdness & Mutations

You have a pair of horns on your head.
You reflexively headbutt those who attack you in melee.
Your mind is very acute. (Int +8, Str/Dex -2)
You are frail. (-10% HP)


Message History

You hit the Hell Sentinel but do no damage.
You headbutt the Hell Sentinel, but do no damage.
The Hell Sentinel is lightly wounded.
The Hell Sentinel gestures at you. The iron shot hits you!!!
The Hell Sentinel gestures at you.
The sphere of damnation explodes!
The damnation engulfs you!!!
There is a stone staircase leading up here.
You fly upwards.
There is a stone staircase leading down here.
You reach down and open the door.
There is an open door here.
There is an open door here.
A hell beast comes into view.
The hell beast moves out of view.
You block the hell beast's attack. The hell beast closely misses you.
The hell beast bites you but does no damage.
You block the hell beast's attack.
The hell beast attacks as it pursues you!
You block the hell beast's attack.
The hell beast tramples you but does no damage.
The hell beast attacks as it pursues you!
You block the hell beast's attack. x2
You block the hell beast's attack. x2
The hell beast attacks as it pursues you!
The hell beast barely misses you. The hell beast tramples you!
You are shoved backwards!
You block the hell beast's attack.
The hell beast tramples you but does no damage.
You block the hell beast's attack. x2
You block the hell beast's attack.
The hell beast tramples you but does no damage.
The hell beast bites you but does no damage.
The hell beast completely misses you.
The hell beast attacks as it pursues you!
You block the hell beast's attack. x2
You block the hell beast's attack. The hell beast tramples you!
You hold your ground!
There is a staircase leading out of the dungeon, spattered with blood here.
The hell beast bites you! You block the hell beast's attack.
You have escaped!

#.........##........#
#############.####### #.#
#.# #
##########.############ #
#..........##.......... #
#.######...##.######### #
#.# ####......# #
###############2@##########
#####
...#......................#
#....
.###...##..##......##..##.#
#.###
#.##......................#
#.# #
...#...######......######.#
#.# #
####......................#
#.# # #
#.####################.#
#.# # # #...#.#.#
##.....#..# #.## #
##......## ##........##
#..##


You could see a hell beast.

Vanquished Creatures
  6 dread liches (Zot:5)
  Tiamat (Zot:2)
  Mara (Snake:4)
  3 orbs of fire
  6 ancient liches
  Mennas (Vaults:2)
  3 Killer Klowns (Zot:5)
  Vashnia (Snake:4)
  the Lernaean hydra (Swamp:4)
  A curse toe (Zot:3)
  A caustic shrike (Depths:3)
  Saint Roka (Depths:3)
  11 golden dragons
  Xtahua (Vaults:2)
  Jory (Vaults:5)
  A Cloud Mage (WizLab)
  Jorgrun (Snake:2)
  3 electric golems
  15 tentacled monstrosities
  A walking crystal tome (Depths:3)
  25 Orb Guardians
  Asterion (Snake:4)
  6 liches
  A walking earthen tome (Depths:3)
  3 titans
  5 quicksilver dragons
  4 sphinxes
  Frances (D:12)
  Kirke (Lair:4)
  2 thorn hunters
  6 death cobs
  8 tengu reavers
  20 storm dragons
  Aizul (Snake:2)
  11 shadow dragons
  Roxanne (Swamp:4)
  22 nagarajas
  6 fire giants
  2 draconian monks
  4 draconian scorchers
  A fenstrider witch (Swamp:2)
  3 draconian knights
  7 frost giants
  20 vault wardens
  2 deep elf sorcerers (Vaults:5)
  Louise (D:14)
  3 ghost moths
  2 iron dragons
  A curse skull (Zot:2)
  24 ironbound preservers
  A draconian stormcaller (Zot:5)
  2 draconian annihilators
  2 reapers (IceCv)
  21 stone giants
  5 draconian shifters
  5 war gargoyles
  4 formless jellyfish
  5 ironbound thunderhulks
  20 very ugly things
  A deep elf demonologist (Vaults:1)
  8 green draconians
  5 vampire knights
  A bunyip (shapeshifter) (Vaults:5)
  11 white draconians
  4 eleionomae
  7 black draconians
  The ghost of roomforsquares the Brawler, a journeyman TrSh of Gozag (D:13)
  Nessos (D:14)
  6 dire elephants
  11 spark wasps
  11 purple draconians
  12 yellow draconians
  An eidolon (Vaults:3)
  7 red draconians
  7 ettins
  2 bunyips
  3 crystal guardians
  4 blizzard demons (WizLab)
  2 entropy weavers (Vaults:1)
  2 deep elf death magi
  2 deep elf high priests (Vaults:5)
  The ghost of roomforsquares the Grappler, a journeyman TrFi of Gozag (Lair:2)
  A shambling mangrove (Swamp:3)
  Josephine (D:11)
  14 fire dragons
  15 yaktaur captains
  28 vault guards
  6 great orbs of eyes
  4 ogre magi
  12 ice dragons
  5 peacekeepers
  24 hydras
  5 rakshasas
  6 ghost crabs
  A catoblepas (D:13)
  14 alligators
  14 anacondas
  Erica (D:8)
  10 ironbound frosthearts
  2 salamander tyrants (Snake:4)
  5 spriggan air magi
  10 two-headed ogres
  17 centaur warriors
  4 boulder beetles
  A dancing weapon (Vaults:5)
  4 vampire magi
  9 death yaks
  14 deep troll shamans
  A hell hog (Lair:5)
  7 tengu warriors
  17 naga warriors
  18 deep troll earth magi
  10 naga sharpshooters
  A shock serpent (shapeshifter) (Vaults:5)
  2 occultists (Depths:1)
  5 spriggan berserkers
  An orc high priest (Orc:2)
  9 shock serpents
  4 sun demons (Depths:1)
  11 hell knights
  4 spriggans
  Amaemon (Lair:2)
  A soul eater (Zot:3)
  Sonja (D:12)
  A skyshark (Lair:5)
  4 goliath frogs
  2 sixfirhies
  5 anaconda zombies (Snake:1)
  3 skeletal warriors
  8 iron trolls
  3 salamander mystics
  4 spriggan druids
  4 glowing orange brains
  A shadow demon (Depths:1)
  A sea snake (shapeshifter) (Vaults:5)
  2 spectral anacondas (Snake:1)
  4 death drakes
  An orange crystal statue (IceCv)
  A shadow wraith (Vaults:5)
  2 obsidian statues
  8 bog bodies
  3 anaconda skeletons (Snake:1)
  11 swamp dragons
  20 ironbound convokers
  2 flayed ghosts (Depths:3)
  7 arcanists
  57 deep trolls
  8 naga ritualists
  6 phantasmal warriors (Vaults:5)
  3 spriggan simulacra (IceCv)
  14 lindwurms
  2 deep elf pyromancers (D:15)
  8 mana vipers
  A harpy (Vaults:1)
  5 necromancers
  10 orc knights
  A spectral boulder beetle (Lair:3)
  33 ugly things
  5 oklob plants
  An orc sorcerer (Orc:2)
  5 will-o-the-wisps
  13 salamanders
  8 cyclopes
  A shining eye (shapeshifter) (Depths:3)
  5 manticores
  33 moths of wrath
  7 kobold blastminers
  2 human zombies
  2 guardian serpents
  3 apocalypse crabs (WizLab)
  20 vault sentinels
  8 elephants (Lair:4)
  38 black mambas
  A human skeleton (Vaults:3)
  5 torpor snails
  An orange demon (Lair:2)
  12 cane toads
  20 naga magi
  2 gargoyles
  3 centaur skeletons (D:14)
  28 yaktaurs
  9 freezing wraiths
  3 rime drakes
  6 anaconda simulacra (Snake:1)
  2 golden dragon simulacra (IceCv)
  Psyche (D:12)
  4 tengu conjurers
  A yaktaur zombie (Vaults:2)
  5 komodo dragons
  A kobold demonologist (D:14)
  3 ice devils (IceCv)
  2 yaktaur skeletons (Vaults:3)
  A queen bee (shapeshifter) (D:14)
  9 trolls
  5 tyrant leeches
  A hellwing (D:15)
  A meliai (D:13)
  A wind drake (WizLab)
  4 hornets
  10 polar bears
  7 glass eyes
  A raiju (Lair:5)
  2 alligator simulacra (IceCv)
  11 blink frogs
  18 dream sheep
  Prince Ribbit (D:8)
  A tarantella (Vaults:1)
  20 slime creatures
  A spectral lindwurm (Lair:3)
  8 air elementals (WizLab)
  A jumping spider (Vaults:1)
  A shadow (D:13)
  5 wraiths
  3 water elementals (Depths:4)
  4 wyverns
  40 yaks
  Grum (D:8)
  A neqoxec (D:15)
  A spectral komodo dragon (Lair:3)
  14 vampire mosquitoes
  3 minotaur simulacra (IceCv)
  8 basilisks
  A redback (Vaults:1)
  3 hogs (Lair:4)
  4 acid dragons
  A harpy simulacrum (IceCv)
  10 wargs
  41 nagas
  7 swamp worms
  16 hell hounds (Lair:5)
  8 water moccasins
  40 orc warriors
  A sky beast (D:7)
  11 swamp drakes
  13 black bears
  An ice beast (D:6)
  33 wolves
  22 centaurs
  12 ogres
  4 kobold brigands
  2 gnoll sergeants
  12 bullfrogs
  2 deep troll simulacra (IceCv)
  A water moccasin zombie (D:5)
  3 scorpions
  A human simulacrum (Vaults:2)
  2 lindwurm simulacra (IceCv)
  18 killer bees
  2 howler monkeys
  2 electric eels
  20 orc priests
  4 hounds
  2 sleepcaps
  5 gnoll boudas
  3 iguanas (D:6)
  23 orc wizards
  3 lightning spires (Zot:2)
  A boggart skeleton (D:14)
  A killer bee zombie (D:5)
  Robin (D:2)
  23 gnolls
  8 adders
  2 shadow imps
  3 white imps
  An ufetubus (D:6)
  3 worms
  3 dart slugs
  83 orcs
  9 ball pythons
  11 endoplasms
  2 giant cockroaches
  12 goblins
  12 hobgoblins
  4 quokkas
  7 bats
  2 frilled lizards
  13 kobolds
  7 rats
  A butterfly (Lair:5)
  2 spectral weapons
1982 creatures vanquished.

Vanquished Creatures (others)
  A spark wasp (WizLab)
  A death drake (WizLab)
  A kobold blastminer (Orc:2)
  3 bloated husks
  An air elemental (WizLab)
  A swamp drake (Swamp:1)
  An orc warrior (Vaults:5)
  18 foxfires
  73 spectral weapons
100 creatures vanquished.

Grand Total: 2082 creatures vanquished

Notes
Turn   | Place    | Note
-------+----------+-------------------------------------------
     0 | D:1      | heloo0000 the Minotaur Fighter began the quest for the Orb.
     0 | D:1      | Reached XP level 1. HP: 19/19 MP: 0/0
   169 | D:1      | Reached XP level 2. HP: 27/27 MP: 1/1
   340 | D:1      | Reached skill level 4 in Fighting
   662 | D:1      | Reached XP level 3. HP: 33/33 MP: 2/2
  1252 | D:2      | Found a snail-covered altar of Cheibriados.
  1287 | D:2      | Reached XP level 4. HP: 38/41 MP: 3/3
  1469 | D:2      | Noticed Robin
  1480 | D:2      | Killed Robin
  1598 | D:2      | Reached skill level 5 in Axes
  1718 | D:3      | Noticed a black bear
  1724 | D:3      | Killed a black bear
  1725 | D:3      | Reached skill level 5 in Fighting
  1725 | D:3      | Reached XP level 5. HP: 26/48 MP: 4/4
  2304 | D:3      | Reached XP level 6. HP: 56/56 MP: 5/5
  2462 | D:4      | Found a stormy altar of Qazlal.
  3066 | D:4      | Reached skill level 6 in Fighting
  3199 | D:4      | Noticed an orc warrior
  3236 | D:4      | Killed an orc warrior
  3237 | D:4      | Reached XP level 7. HP: 27/64 MP: 6/6
  3617 | D:5      | Entered Level 5 of the Dungeon
  3756 | D:5      | Found a runed translucent gate.
  3756 | D:5      | Found a runed translucent gate.
  3756 | D:5      | Found a runed translucent gate.
  3756 | D:5      | Noticed magiryoung's ghost (novice DrSh)
  3758 | D:5      | Found a basalt altar of Yredelemnul.
  4123 | D:5      | Reached skill level 7 in Fighting
  4587 | D:6      | Found a large runed translucent door.
  4589 | D:6      | Found a large runed translucent door.
  4634 | D:6      | Reached XP level 8. HP: 73/73 MP: 7/7
  4669 | D:5      | Reached skill level 10 in Axes
  4781 | D:6      | Reached skill level 8 in Fighting
  5105 | D:6      | Found a white marble altar of Elyvilon.
  5176 | D:6      | Found a staircase to the Ecumenical Temple.
  5187 | Temple   | Entered the Ecumenical Temple
  5206 | Temple   | Became a worshipper of Warmaster Okawaru
  5311 | D:6      | Found a sparkling altar of Nemelex Xobeh.
  5320 | D:6      | Found a shimmering blue altar of Sif Muna.
  5625 | D:7      | Found an opulent altar of Gozag.
  5679 | D:7      | Reached XP level 9. HP: 72/82 MP: 8/8
  5803 | D:6      | Reached skill level 9 in Fighting
  6210 | D:8      | Reached * piety under Okawaru
  6211 | D:8      | Found Bewnu's Distillery.
  6215 | D:8      | Noticed Grum
  6217 | D:8      | Reached skill level 1 in Invocations
  6221 | D:8      | Killed Grum
  6257 | D:8      | Noticed Prince Ribbit
  6267 | D:8      | Killed Prince Ribbit
  6591 | D:8      | Noticed Erica
  6600 | D:8      | Killed Erica
  6600 | D:8      | Reached ** piety under Okawaru
  6601 | D:8      | Reached skill level 10 in Fighting
  7045 | D:9      | Noticed a death yak
  7072 | D:9      | Killed a death yak
  7072 | D:9      | Reached *** piety under Okawaru
  7073 | D:9      | Reached XP level 10. HP: 36/94 MP: 10/10
  7339 | D:9      | Noticed a death yak
  7573 | D:9      | Found a staircase to the Lair.
  7584 | D:9      | Noticed a centaur warrior
  7597 | D:9      | Noticed a death yak
  7616 | D:9      | Killed a centaur warrior
  7616 | D:9      | Reached **** piety under Okawaru
  7617 | D:9      | Reached skill level 5 in Shields
  7650 | D:9      | Killed a death yak
  7651 | D:9      | Reached skill level 5 in Armour
  7843 | D:9      | Noticed a death yak
  7843 | D:9      | Noticed a death yak
  7861 | D:9      | Killed a death yak
  7862 | D:9      | Reached skill level 15 in Axes
  7929 | D:9      | Killed a death yak
  7971 | D:9      | Noticed a death yak
  7972 | D:9      | Killed a death yak
  7981 | D:9      | Noticed a death yak
  7984 | D:9      | Killed a death yak
  7984 | D:9      | Reached ***** piety under Okawaru
  7985 | D:9      | Reached XP level 11. HP: 59/101 MP: 11/11
  7985 | D:9      | Noticed a death yak
  8179 | D:9      | Killed a death yak
  8189 | D:9      | Killed a death yak
  8759 | D:10     | Entered Level 10 of the Dungeon
  8841 | D:10     | Reached skill level 1 in Throwing
  8934 | D:10     | Found a hazy altar of Hepliaklqana.
  9248 | D:10     | Noticed a two-headed ogre
  9267 | D:10     | Killed a two-headed ogre
 10130 | D:11     | Received a gift from Okawaru
 10613 | D:11     | Reached skill level 5 in Invocations
 10665 | D:11     | Noticed Josephine
 10685 | D:11     | Killed Josephine
 10690 | D:11     | Reached skill level 5 in Throwing
 11170 | D:11     | Received a gift from Okawaru
 11262 | D:11     | Reached XP level 12. HP: 108/108 MP: 15/15
 11266 | D:11     | Reached skill level 11 in Fighting
 11288 | D:11     | Found a staircase to the Orcish Mines.
 11625 | D:12     | Noticed Psyche
 11705 | D:12     | Noticed a boulder beetle
 11721 | D:12     | Killed a boulder beetle
 11881 | D:12     | Noticed Frances
 11987 | D:12     | Noticed Sonja
 12011 | D:12     | Killed Sonja
 12255 | D:12     | Killed Psyche
 12373 | D:12     | Received a gift from Okawaru
 12746 | D:12     | Killed Frances
 12747 | D:12     | Reached skill level 12 in Fighting
 12999 | D:11     | Identified a scroll of acquirement
 12999 | D:11     | Acquired the +9 kite shield of Yheyruwk {Regen+ Int+3}
 13019 | Orc:1    | Entered Level 1 of the Orcish Mines
 13055 | Orc:2    | Entered Level 2 of the Orcish Mines
 13057 | Orc:2    | Noticed an orc high priest
 13265 | Orc:1    | Received a gift from Okawaru
 13273 | Orc:2    | Gained mutation: You occasionally lose the ability to read
                  | scrolls when taking damage. [a neqoxec]
 13381 | Orc:2    | Killed an orc high priest
 13659 | Orc:2    | Noticed a two-headed ogre
 13666 | Orc:2    | Killed a two-headed ogre
 13666 | Orc:2    | Reached ****** piety under Okawaru
 13667 | Orc:2    | Reached XP level 13. HP: 119/119 MP: 18/18
 13675 | Orc:2    | Acquired the +2 executioner's axe of Circularity {flame,
                  | rN+}
 13675 | Orc:2    | Received a gift from Okawaru
 13804 | Orc:2    | Found a staircase to the Elven Halls.
 13879 | Orc:2    | Received a gift from Okawaru
 14142 | Orc:2    | Found a runed translucent door.
 14144 | Orc:2    | Noticed Kearsarge's ghost (journeyman MfFi)
 14188 | Orc:2    | Found Irats's Weapon Shop.
 14188 | Orc:2    | Found Kaih's Weapon Shoppe.
 14190 | Orc:2    | Found Neaty's General Store.
 14192 | Orc:2    | Found Lyxy's Antique Weapon Boutique.
 14539 | Orc:1    | Acquired the +4 crystal plate armour of Okawaru's Envy {rN+
                  | Stlth+}
 14539 | Orc:1    | Received a gift from Okawaru
 14716 | Lair:1   | Entered Level 1 of the Lair of Beasts
 14805 | Lair:1   | Lost mutation: You occasionally lose the ability to read
                  | scrolls when taking damage. [potion of mutation]
 14805 | Lair:1   | Gained mutation: You have a pair of large horns on your
                  | head. [potion of mutation]
 14805 | Lair:1   | Gained mutation: Your system is resistant to poisons.
                  | (rPois) [potion of mutation]
 14826 | Lair:1   | Received a gift from Okawaru
 15743 | Lair:2   | Noticed Amaemon
 15761 | Lair:2   | Killed Amaemon
 15844 | Lair:2   | Reached skill level 13 in Fighting
 16077 | Lair:2   | You fall into a shaft and drop 1 floor!
 16170 | Lair:2   | Found a runed translucent gate.
 16170 | Lair:2   | Found a runed translucent gate.
 16171 | Lair:2   | Found a runed translucent gate.
 16171 | Lair:2   | Noticed roomforsquares's ghost (journeyman TrFi)
 16701 | Lair:2   | Killed roomforsquares's ghost
 16701 | Lair:2   | Received a gift from Okawaru
 16727 | Lair:2   | Identified the +1 robe "Taufre" {Dex+2}
 16830 | Lair:3   | Found a staircase to the Snake Pit.
 16884 | Lair:3   | Found a snail-covered altar of Cheibriados.
 17244 | Lair:3   | Reached skill level 10 in Invocations
 17245 | Lair:3   | Found a staircase to the Swamp.
 17507 | Lair:3   | Reached XP level 14. HP: 130/130 MP: 20/20
 17508 | Lair:3   | Reached skill level 14 in Fighting
 17856 | Lair:4   | Received a gift from Okawaru
 18005 | Lair:4   | Received a gift from Okawaru
 18363 | Lair:4   | Noticed Kirke
 18376 | Lair:4   | Killed Kirke
 18440 | Lair:4   | Reached skill level 10 in Throwing
 19200 | Lair:5   | Entered Level 5 of the Lair of Beasts
 19237 | Lair:5   | Reached skill level 15 in Fighting
 19269 | Lair:5   | Received a gift from Okawaru
 19776 | Lair:5   | Received a gift from Okawaru
 19965 | Lair:5   | Reached skill level 16 in Fighting
 20080 | Lair:5   | Identified the +8 short sword of Rapnas {heavy, *Rage rPois
                  | Will+++ Dex-2}
 20160 | Lair:5   | Reached XP level 15. HP: 134/145 MP: 22/22
 20346 | Lair:5   | Found a viscous altar of Jiyva.
 20346 | Lair:5   | Found a staircase to the Slime Pits.
 20354 | Lair:5   | Received a gift from Okawaru
 20372 | Lair:5   | Identified the +5 trident "Tofiff" {spect, rElec Int+3}
 21047 | D:13     | Found a runed translucent door.
 21048 | D:13     | Noticed roomforsquares's ghost (journeyman TrSh)
 21058 | D:13     | Found a portal to a secret trove of treasure.
 21077 | D:13     | Identified the staff "Fisoheill" {rN+++ Will- Str+5 Int-5
                  | Conj}
 21111 | D:13     | Received a gift from Okawaru
 21112 | D:13     | Reached skill level 17 in Fighting
 21196 | Trove    | Entered a treasure trove
 21202 | Trove    | Identified the ring "Esiag" {rCorr Str+3 SInv}
 21205 | Trove    | Identified the amulet "Caghiown" {Reflect rF+ MP+9 Dex+2
                  | SH+5}
 21216 | Trove    | Identified the ring of the Harvest {rF+ SInv}
 21221 | Trove    | Identified the ring "Vejose" {Fly rF+ rC+ rN+ Dex+4}
 21228 | Trove    | Identified the ring of Starshine {*Corrode Fly rPois
                  | Will+++ Dex+6}
 21230 | Trove    | Identified the ring "Cacsus" {rF+ rC+++ Will- rCorr Str-5}
 21232 | Trove    | Identified the ring "Oconof" {Fly rN+ rCorr Int-4 Dex+5}
 21823 | D:13     | Killed roomforsquares's ghost
 21988 | D:14     | Noticed Nessos
 21994 | D:14     | Killed Nessos
 22236 | D:14     | Found a gate to the Vaults.
 22264 | D:14     | Noticed Louise
 22275 | D:14     | Killed Louise
 22330 | D:14     | Identified the +3 ring mail of the Final Visionaries {rElec
                  | rC+}
 22643 | D:14     | Reached skill level 18 in Fighting
 22679 | D:14     | Found a burning altar of Makhleb.
 22821 | D:14     | You are sucked into a shaft and drop 1 floor!
 22821 | D:15     | Entered Level 15 of the Dungeon
 22821 | D:15     | Found a frozen archway.
 22833 | IceCv    | Entered an ice cave
 23666 | D:15     | Reached XP level 16. HP: 159/159 MP: 23/23
 23753 | D:15     | Identified the +4 dagger of Governance {heavy, Fly rF+
                  | Will+}
 23852 | D:15     | Found a staircase to the Depths.
 23936 | D:15     | Paralysed by an ogre mage for 5 turns
 23948 | D:15     | Reached skill level 19 in Fighting
 24567 | D:15     | Reached skill level 15 in Throwing
 24957 | Snake:1  | Entered Level 1 of the Snake Pit
 25117 | Snake:1  | Received a gift from Okawaru
 25598 | Snake:1  | Reached skill level 20 in Fighting
 26819 | Snake:2  | Received a gift from Okawaru
 27044 | Snake:2  | Noticed Jorgrun
 27054 | Snake:2  | Killed Jorgrun
 27056 | Snake:2  | Identified the serpent talisman of Jesoxteg {rElec Slay+6}
 27056 | Snake:2  | Noticed Aizul
 27063 | Snake:2  | Killed Aizul
 27064 | Snake:2  | Reached XP level 17. HP: 41/172 MP: 24/24
 27082 | Snake:2  | Received a gift from Okawaru
 27083 | Snake:2  | Reached skill level 21 in Fighting
 28391 | Snake:2  | You are sucked into a shaft and drop 1 floor!
 28403 | Snake:3  | Received a gift from Okawaru
 28736 | Snake:3  | Found Pantaryol's Book Shop.
 28781 | Snake:3  | Found Iryhen's Neck Hole.
 29115 | Snake:4  | Entered Level 4 of the Snake Pit
 29204 | Arena    | Entered the Arena
 29380 | Snake:4  | Reached skill level 22 in Fighting
 29429 | Snake:4  | Noticed Vashnia
 29441 | Snake:4  | Noticed Asterion
 29874 | Snake:4  | Received a gift from Okawaru
 30231 | Snake:4  | Killed Asterion
 30263 | Snake:4  | Got a serpentine rune of Zot
 30453 | Snake:4  | Received a gift from Okawaru
 30621 | Snake:4  | Noticed Mara
 30632 | Snake:4  | Killed Mara
 30633 | Snake:4  | Reached XP level 18. HP: 179/187 MP: 25/25
 30639 | Snake:4  | Reached skill level 23 in Fighting
 31033 | Snake:4  | Killed Vashnia
 31033 | Snake:4  | Received a gift from Okawaru
 31586 | Swamp:1  | Entered Level 1 of the Swamp
 33183 | Swamp:3  | Reached skill level 24 in Fighting
 33201 | Swamp:3  | Received a gift from Okawaru
 33579 | Swamp:4  | Entered Level 4 of the Swamp
 33579 | Swamp:4  | Noticed Roxanne
 33587 | Swamp:4  | Killed Roxanne
 33981 | Swamp:4  | Received a gift from Okawaru
 34020 | Swamp:4  | Noticed the 27-headed Lernaean hydra
 34535 | Swamp:4  | Killed the 27-headed Lernaean hydra
 34536 | Swamp:4  | Reached XP level 19. HP: 200/200 MP: 26/26
 34782 | Swamp:4  | Got a decaying rune of Zot
 35304 | Vaults:1 | Entered Level 1 of the Vaults
 35345 | Vaults:1 | Found Haoll's Armour Emporium.
 35349 | Vaults:1 | Received a gift from Okawaru
 35551 | Vaults:1 | Received a gift from Okawaru
 35560 | Vaults:1 | Reached skill level 25 in Fighting
 36127 | Arena    | Entered the Arena
 36151 | Vaults:1 | Noticed a golden dragon
 36260 | Vaults:1 | Reached skill level 10 in Armour
 36260 | Vaults:1 | Reached skill level 10 in Shields
 36324 | Vaults:1 | You are sucked into a shaft and drop 1 floor!
 36347 | Vaults:2 | Received a gift from Okawaru
 36401 | Vaults:1 | Killed a golden dragon
 36751 | Vaults:1 | Found Gaong's Jewellery Boutique.
 36917 | Vaults:2 | Noticed Xtahua
 36927 | Vaults:2 | Killed Xtahua
 37185 | Vaults:2 | Noticed Mennas
 37200 | Vaults:2 | Killed Mennas
 37200 | Vaults:2 | Received a gift from Okawaru
 37558 | Vaults:2 | Reached XP level 20. HP: 122/212 MP: 27/27
 38154 | Vaults:3 | Received a gift from Okawaru
 38257 | Vaults:3 | Reached skill level 26 in Fighting
 38525 | Vaults:3 | Identified the +1 robe of Dull the Leaf {Rampage}
 38804 | Vaults:3 | Found a staircase to the Crypt.
 39007 | Vaults:3 | Received a gift from Okawaru
 39334 | Vaults:4 | Found Xeuqued's Magic Scroll Shoppe.
 39342 | Vaults:4 | Bought a scroll of teleportation for 54 gold pieces
 39342 | Vaults:4 | Bought a scroll of teleportation for 54 gold pieces
 39342 | Vaults:4 | Bought a scroll of fear for 72 gold pieces
 39384 | Vaults:4 | Found a magical portal.
 39392 | WizLab   | Entered The Chambers of the Cloud Mage
 39400 | WizLab   | Paralysed by an air elemental for 1 turns
 39410 | WizLab   | Paralysed by an air elemental for 1 turns
 39594 | WizLab   | Paralysed by an air elemental for 1 turns
 39685 | WizLab   | Paralysed by an air elemental for 1 turns
 39736 | WizLab   | Paralysed by an air elemental for 1 turns
 39747 | WizLab   | Received a gift from Okawaru
 39885 | WizLab   | Got the Writings on Exhalation
 39895 | WizLab   | Identified the +0 chain mail "Pamaathru" {Will+ Str+2 Int+4
                  | Slay-3}
 39899 | WizLab   | Identified the +8 spear of Asuts {heavy, Str+2}
 40823 | Vaults:4 | Received a gift from Okawaru
 40891 | Vaults:4 | Reached XP level 21. HP: 208/223 MP: 28/28
 41195 | Vaults:5 | Entered Level 5 of the Vaults
 41199 | Vaults:5 | Found the necklace of Bloodlust {Fury *Rage Will++ Int-3
                  | Slay+6}
 41212 | Vaults:5 | Reached skill level 27 in Fighting
 41253 | Vaults:5 | Reached skill level 15 in Shields
 41257 | Vaults:5 | Reached skill level 15 in Armour
 41306 | Vaults:5 | Got a silver rune of Zot
 41432 | Vaults:5 | Received a gift from Okawaru
 41486 | Vaults:5 | Found the +3 giant club "Skullcrusher" {speed, Str+7}
 41607 | Vaults:5 | Noticed an ancient lich
 41612 | Vaults:5 | Killed an ancient lich
 41655 | Vaults:5 | Identified the +4 arbalest of Dutoyf {flame, rPois rF+}
 42008 | Vaults:5 | Identified the +1 great sword "Alometto" {flame, rN+}
 42194 | Vaults:5 | Received a gift from Okawaru
 42398 | Vaults:5 | Got the Notes on Weathered Amathomancy
 42444 | Vaults:5 | Noticed Jory
 42459 | Arena    | Entered the Arena
 42476 | Vaults:5 | Killed Jory
 42775 | Vaults:5 | Found Amoin's Antique Weapon Boutique.
 42874 | Vaults:4 | Acquired the +2 pair of gloves of Muaweufymu {rElec Str+9
                  | Dex-4}
 43199 | Depths:1 | Entered Level 1 of the Depths
 43199 | Depths:1 | Found a one-way gate to the infinite horrors of the Abyss.
 43316 | Depths:1 | Reached XP level 22. HP: 216/233 MP: 29/29
 43326 | Depths:1 | Received a gift from Okawaru
 43576 | Depths:1 | Found a gateway to Hell.
 43593 | Depths:1 | Found a one-way gate leading to the halls of Pandemonium.
 43701 | Depths:1 | Found a one-way gateway to a ziggurat.
 44012 | Depths:2 | Noticed Peraum's ghost (veteran MfSu)
 44213 | Depths:2 | Received a gift from Okawaru
 44284 | Depths:2 | Found a runed translucent gate.
 44285 | Depths:2 | Found a runed translucent gate.
 44287 | Depths:2 | Found a runed translucent gate.
 44539 | Depths:2 | Identified the ring "Gycsiwe" {Fire *Slow rElec rN++
                  | Stlth+}
 44854 | Depths:2 | Found a snail-covered altar of Cheibriados.
 44954 | Depths:2 | Found a runed translucent gate.
 44954 | Depths:2 | Found a runed translucent gate.
 44954 | Depths:2 | Found a runed translucent gate.
 44977 | Depths:2 | Found a runed translucent gate.
 44977 | Depths:2 | Found a runed translucent gate.
 44977 | Depths:2 | Found a runed translucent gate.
 45296 | Depths:3 | Found a shimmering altar of Xom.
 45300 | Depths:3 | Received a gift from Okawaru
 45489 | Depths:3 | Found a hazy altar of Hepliaklqana.
 45660 | Depths:3 | Noticed a caustic shrike
 45668 | Depths:3 | Killed a caustic shrike
 45668 | Depths:3 | Received a gift from Okawaru
 45776 | Depths:3 | Found a transporter.
 45804 | Depths:3 | Found a transporter.
 45825 | Depths:3 | Identified the ring "Foazybb" {rPois rF+ Dex+5}
 45944 | Depths:3 | Reached XP level 23. HP: 226/240 MP: 30/30
 45992 | Depths:3 | Noticed Saint Roka
 45993 | Depths:3 | Identified the ring of Rimutae {rPois rC- Will+ rCorr}
 46004 | Depths:3 | Killed Saint Roka
 46098 | Depths:3 | Identified the ring "Biowaosch" {Str+3 Dex+6}
 46172 | Depths:3 | Found the amulet of the Four Winds {rN+ Will+++ Clar}
 46246 | Depths:4 | Entered Level 4 of the Depths
 46416 | Depths:4 | Received a gift from Okawaru
 46615 | Depths:4 | Found a gate to the Realm of Zot.
 46862 | Depths:4 | Received a gift from Okawaru
 47422 | Zot:1    | Entered Level 1 of the Realm of Zot
 47923 | Zot:1    | Identified the +0 pair of gloves of the Bruised Queens
                  | {Int+3}
 48239 | Zot:2    | Received a gift from Okawaru
 48404 | Zot:2    | Noticed an orb of fire
 48411 | Zot:2    | Killed an orb of fire
 48679 | Zot:2    | Identified the orb of Luwierpho {*channel, Str-5 Dex+5}
 48775 | Zot:2    | Found the +4 dragonskin cloak
 48775 | Zot:2    | Identified the ring of Goamn {rPois rC+ Will++ Int+6}
 48775 | Zot:2    | Noticed Tiamat
 48791 | Zot:2    | Received a gift from Okawaru
 48798 | Zot:2    | Killed Tiamat
 48799 | Zot:2    | Reached XP level 24. HP: 50/249 MP: 25/30
 49917 | Zot:3    | Received a gift from Okawaru
 50538 | Zot:4    | Received a gift from Okawaru
 50624 | Zot:4    | Identified the +0 falchion "Hydrabane" {flame, rN+}
 50675 | Zot:4    | Identified the +0 scale mail of Hepliaklqana's Respect
                  | {Will+}
 51123 | Zot:5    | Entered Level 5 of the Realm of Zot
 51146 | Zot:5    | Reached skill level 1 in Evocations
 51318 | Zot:5    | Noticed a dread lich
 51318 | Zot:5    | Noticed a dread lich
 51318 | Zot:5    | Noticed an ancient lich
 51318 | Zot:5    | Noticed an ancient lich
 51321 | Zot:5    | Noticed a Killer Klown
 51323 | Zot:5    | Killed an ancient lich
 51323 | Zot:5    | Received a gift from Okawaru
 51327 | Zot:5    | Killed a dread lich
 51329 | Zot:5    | Killed an ancient lich
 51329 | Zot:5    | Noticed a Killer Klown
 51330 | Zot:5    | Killed a dread lich
 51432 | Zot:5    | Reached skill level 5 in Evocations
 51788 | Zot:5    | Received a gift from Okawaru
 51794 | Zot:5    | Reached XP level 25. HP: 227/257 MP: 30/31
 51851 | Zot:5    | Noticed a dread lich
 51861 | Zot:5    | Killed a dread lich
 51884 | Zot:5    | Noticed an ancient lich
 51887 | Zot:5    | Noticed a Killer Klown
 51888 | Zot:5    | Noticed an ancient lich
 51891 | Zot:5    | Killed an ancient lich
 51892 | Zot:5    | Noticed an orb of fire
 51894 | Zot:5    | Noticed a dread lich
 51895 | Zot:5    | Noticed an orb of fire
 51897 | Zot:5    | Killed an ancient lich
 51902 | Zot:5    | Gained mutation: You are frail. (-10% HP) [an orb of fire]
 51904 | Zot:5    | Killed an orb of fire
 51907 | Zot:5    | Noticed an ancient lich
 51913 | Zot:5    | Killed a dread lich
 51915 | Zot:5    | HP: 8/231 [orb of fire/fireball (16)]
 51916 | Zot:5    | Gained mutation: You occasionally lose the ability to drink
                  | potions when taking damage. [mutagenic glow]
 51920 | Arena    | Entered the Arena
 51949 | Zot:5    | Gained mutation: You are vulnerable to cold. (rC-)
                  | [mutagenic glow]
 51951 | Zot:5    | Received a gift from Okawaru
 51953 | Zot:5    | Gained mutation: Your magical capacity is low. (-10% MP)
                  | [an orb of fire]
 51956 | Zot:5    | Gained mutation: You are occasionally teleported next to
                  | monsters. [an orb of fire]
 51963 | Zot:5    | Killed an orb of fire
 51964 | Zot:5    | Reached skill level 10 in Evocations
 51966 | Zot:5    | Gained mutation: Armour fits poorly on your strangely
                  | shaped body. [mutagenic glow]
 51967 | Zot:5    | Killed a Killer Klown
 51987 | Zot:5    | Killed an ancient lich
 51994 | Zot:5    | Killed a Killer Klown
 52053 | Zot:5    | Noticed a dread lich
 52060 | Zot:5    | Killed a dread lich
 52066 | Zot:5    | Received a gift from Okawaru
 52160 | Zot:5    | Killed a Killer Klown
 52369 | Zot:5    | Noticed a dread lich
 52376 | Zot:5    | Killed a dread lich
 52516 | Zot:5    | Lost mutation: Your system is resistant to poisons. (rPois)
                  | [potion of mutation]
 52516 | Zot:5    | Lost mutation: You occasionally lose the ability to drink
                  | potions when taking damage. [potion of mutation]
 52516 | Zot:5    | Gained mutation: You have sharp toenails. [potion of
                  | mutation]
 52517 | Zot:5    | Lost mutation: You have a pair of large horns on your head.
                  | [potion of mutation]
 52517 | Zot:5    | Lost mutation: You have sharp toenails. [potion of
                  | mutation]
 52517 | Zot:5    | Lost mutation: You are vulnerable to cold. (rC-) [potion of
                  | mutation]
 52517 | Zot:5    | Gained mutation: Your spells are a little harder to cast,
                  | but a little more powerful. [potion of mutation]
 52517 | Zot:5    | Gained mutation: Your magical capacity is very low. (-20%
                  | MP) [potion of mutation]
 52517 | Zot:5    | Lost mutation: Your spells are a little harder to cast, but
                  | a little more powerful. [potion of mutation]
 52517 | Zot:5    | Gained mutation: You are agile. (Dex +4, Str/Int -1)
                  | [potion of mutation]
 52521 | Zot:5    | Lost mutation: Armour fits poorly on your strangely shaped
                  | body. [potion of mutation]
 52521 | Zot:5    | Lost mutation: You are frail. (-10% HP) [potion of
                  | mutation]
 52521 | Zot:5    | Gained mutation: You have sharp toenails. [potion of
                  | mutation]
 52521 | Zot:5    | Lost mutation: Your magical capacity is very low. (-20% MP)
                  | [potion of mutation]
 52521 | Zot:5    | Gained mutation: Your spells are a little harder to cast,
                  | but a little more powerful. [potion of mutation]
 52522 | Zot:5    | Lost mutation: Your spells are a little harder to cast, but
                  | a little more powerful. [potion of mutation]
 52522 | Zot:5    | Lost mutation: You have sharp toenails. [potion of
                  | mutation]
 52522 | Zot:5    | Lost mutation: You are agile. (Dex +4, Str/Int -1) [potion
                  | of mutation]
 52522 | Zot:5    | Gained mutation: Your system is resistant to poisons.
                  | (rPois) [potion of mutation]
 52522 | Zot:5    | Gained mutation: Your mind is acute. (Int +4, Str/Dex -1)
                  | [potion of mutation]
 52523 | Zot:5    | Lost mutation: Your system is resistant to poisons. (rPois)
                  | [potion of mutation]
 52523 | Zot:5    | Lost mutation: Your mind is acute. (Int +4, Str/Dex -1)
                  | [potion of mutation]
 52523 | Zot:5    | Gained mutation: You have hidden genetic potential. [potion
                  | of mutation]
 52524 | Zot:5    | Lost mutation: You are occasionally teleported next to
                  | monsters. [potion of mutation]
 52524 | Zot:5    | Lost mutation: Your magical capacity is low. (-10% MP)
                  | [potion of mutation]
 52524 | Zot:5    | Lost mutation: You have hidden genetic potential. [potion
                  | of mutation]
 52524 | Zot:5    | Gained mutation: You are vulnerable to heat. (rF-) [potion
                  | of mutation]
 52524 | Zot:5    | Gained mutation: You are partially covered in iridescent
                  | scales. (AC +2) [potion of mutation]
 52524 | Zot:5    | Lost mutation: You are partially covered in iridescent
                  | scales. (AC +2) [potion of mutation]
 52525 | Zot:5    | Lost mutation: You are vulnerable to heat. (rF-) [potion of
                  | mutation]
 52525 | Zot:5    | Gained mutation: You sometimes lose your temper in combat.
                  | [potion of mutation]
 52525 | Zot:5    | Gained mutation: You are dopey. (Int -2) [potion of
                  | mutation]
 52525 | Zot:5    | Gained mutation: Your natural rate of healing is unusually
                  | fast. [potion of mutation]
 52526 | Zot:5    | Lost mutation: You sometimes lose your temper in combat.
                  | [potion of mutation]
 52526 | Zot:5    | Lost mutation: You are dopey. (Int -2) [potion of mutation]
 52526 | Zot:5    | Lost mutation: Your natural rate of healing is unusually
                  | fast. [potion of mutation]
 52526 | Zot:5    | Gained mutation: A frigid envelope surrounds you and
                  | freezes all who hurt you. [potion of mutation]
 52526 | Zot:5    | Lost mutation: A frigid envelope surrounds you and freezes
                  | all who hurt you. [potion of mutation]
 52526 | Zot:5    | Gained mutation: Your mind is acute. (Int +4, Str/Dex -1)
                  | [potion of mutation]
 52526 | Zot:5    | Gained mutation: Your mind is very acute. (Int +8, Str/Dex
                  | -2) [potion of mutation]
 52530 | Zot:5    | Got the Orb of Zot
 52684 | Zot:1    | Noticed an orb of fire
 52688 | Zot:1    | Gained mutation: You are frail. (-10% HP) [an orb of fire]
 52862 | D:12     | Noticed Dubuonwo the pandemonium lord
 52906 | D:9      | Identified the +0 tower shield of the Realm of Zot {Will+
                  | Str+3 Dex+3}
 53075 | D:$      | Escaped with the Orb!

Illustrated notes

Levels and vault maps discovered:
D:1:      dpeg_arrival_line_fractal, layout_loops_corners, minmay_domino_4
D:2:      layout_loops_ring, basic_altar, uniq_robin
D:3:      layout_loops_ring
D:4:      layout_basic, nicolae_qazlal_scattered_showers, minmay_manual_mullet
D:5:      layout_loops_ring, nicolae_yredelemnul_ghost_church,
          nicolae_zig_zag_zippers
D:6:      layout_basic, lemuel_doored_altar, jmf_multi_god_temple2,
          minmay_temple_entry_drinking_statues, corexii_leaking_fountain,
          grunt_tough_drop
D:7:      layout_gridville, mainiacjoe_overflow_alcove_4
D:8:      layout_loops_cross, serial_shops, nicolae_shop_industrial_runoff,
          kennysheep_cross_bottleneck, uniq_grum, uniq_prince_ribbit1,
          uniq_erica
D:9:      layout_rooms, dpeg_lair_monsters, corner_web_ring,
          minmay_misc_feat_square
D:10:     layout_roguey, old_standard_altar, lightli_minifort
D:11:     layout_loops_ring, david_orc_1_choice, pond, uniq_josephine
D:12:     layout_long_grid, uniq_psyche, uniq_frances, uniq_sonja
D:13:     layout_basic, enter_trove_2, ebering_ghost_inner_flame,
          minmay_the_grid_square_5x5_3x3_mashed
          [minmay_the_grid_square_5x5_bracketed,
          minmay_the_grid_square_5x5_three_walls,
          minmay_the_grid_square_5x5_minivault,
          minmay_the_grid_square_5x5_forky,
          minmay_the_grid_square_5x5_megaprize_checkered,
          minmay_the_grid_square_5x5_trominoes, minmay_the_grid_square_5x5_v,
          minmay_the_grid_square_5x5_one_wall, minmay_the_grid_square_5x5_two]
D:14:     minmay_goldmine, layout_small_grid,
          hangedman_vaults_entry_quadrant_bands, bloody_makhleb, uniq_louise,
          uniq_nessos
D:15:     grunt_enter_depths_giant_problem, layout_loops_corners,
          portal_ice_cave_entry_pillars_three, chequers_garden
Temple:   eino_wide_crystal_templ
Lair:1:   layout_cave_pods, dreamdust_gnoll_shepherd
Lair:2:   layout_loops_ring, ebering_ghost_rock_garden, serial_bayou_shore_a,
          grunt_megastairs_1, infiniplex_staircase_pool, uniq_amaemon
Lair:3:   layout_small_grid, nicolae_swamp_entry_spooky,
          guppyfry_snake_entry_garden, chequers_serial_rivers_large_a,
          kennysheep_snail_temple
Lair:4:   layout_layer_cave, chequers_serial_rivers_small_3, grunt_megastairs_2,
          uniq_kirke
Lair:5:   hangedman_lair_caniforms_friends, layout_cave_pods,
          minmay_slime_entry_oklob_open, grunt_megastairs_3,
          lemuel_fruit_fields, serial_bayou_shore_b
Swamp:1:  layout_basic_swamp, evilmike_swamp_ruin_rubble_1, swamp_pool_5
Swamp:2:  layout_basic_swamp, evilmike_swamp_ruin_house_2, swamp_pool_5
Swamp:3:  layout_basic_swamp, hangedman_swamp_pad
Swamp:4:  swamp_old_school, layout_basic_swamp, uniq_roxanne
Snake:1:  layout_chambers, nicolae_snake_dead_anacondas, grunt_megastairs_4
Snake:2:  nicolae_snake_hallway, layout_grid_shapes, grunt_ministairs_6,
          uniq_jorgrun, uniq_aizul
Snake:3:  layout_rooms, serial_shops, nicolae_shop_trees,
          nicolae_shop_sticking_my_neck_out
Snake:4:  grunt_snake_rune_spirals, layout_onion_interference,
          nicolae_snake_snakes_in_the_grass, uniq_asterion, uniq_vashnia,
          uniq_mara
Orc:1:    layout_diamond_mine, lightli_orcish_oven
Orc:2:    st_orc_rangers, layout_caves, gammafunk_ghost_grave,
          nicolae_orc_damp_corner, nicolae_orc_sculptors_studio
Vaults:1: nicolae_vaults_cochlea, grunt_vaults_funnel, v_misc_16,
          nicolae_vaults_storage_closets_1, nicolae_vaults_trapezoid_lopsided_3,
          nicolae_vaults_ring_of_whatevers, dpeg_vaults_pockets_of_resistance,
          v_misc_15, ontoclasm_vaults_twist,
          nicolae_vaults_taking_the_gang_shopping, nicolae_vaults_six-pack,
          layout_vaults_chaotic_city, serial_shops, nicolae_shop_crystal
Vaults:2: ontoclasm_vaults_ring_square, nicolae_vaults_disjoint_gnomons,
          nicolae_vaults_library_corner, hangedman_vaults_hat,
          nicolae_vaults_network_quinsquares
          [nicolae_vaults_network_quincunx_subvault,
          nicolae_vaults_network_quincunx_subvault,
          nicolae_vaults_network_quincunx_subvault,
          nicolae_vaults_network_quincunx_subvault], vaults_room_large_hall,
          vaults_dpeg_diagonal, nicolae_vaults_weapon_check,
          vaults_dpeg_emergency_exit, layout_vaults_big_cross, uniq_xtahua,
          uniq_mennas
Vaults:3: nicolae_vaults_heart-shaped_vault, nicolae_vaults_trapezoid_4,
          nicolae_vaults_windows_and_doors_thing,
          vaults_mumra_minichess_inversion, v_misc_33,
          minmay_crypt_entry_simple_round, nicolae_vaults_trapezoid_3,
          v_misc_27, vaults_standard_mumra_x, nicolae_vaults_asterisk,
          ontoclasm_vaults_ring_small, layout_vaults_ring
Vaults:4: infiniplex_enter_wizlab_glasses,
          serial_library_hellmonk_angled_corner, v_alt_pattern_6,
          v_alt_pattern_4, nicolae_vaults_trapezoid_1,
          nicolae_vaults_little_squares_4, vaults_dpeg_encased_lava,
          nicolae_vaults_network_s, nicolae_vaults_stepped_doors,
          nicolae_vaults_house_1, layout_vaults_quadrants, serial_shops,
          nicolae_shop_hallway_stairs
Vaults:5: uniq_jory
Depths:1: cheibrodos_lost_city_excavation, layout_basic, enter_ziggurat_d,
          minmay_crystal_room, hell_entry, abyss_entry, rand_demon_pan_entry_3,
          st_stairs_3, minmay_gold_behind_fungi, minmay_misc_feat_rows,
          hangedman_abyss_or_decor_passed, grunt_decor_clamped,
          nicolae_uskayaw_suspiria
Depths:2: kennysheep_treasure_stockpile, layout_cave_pools,
          grunt_pan_entry_in_and_out, hell_entry, kennysheep_crisscross,
          gammafunk_ghost_icy, chei_slow_surprise
Depths:3: hangedman_spin_cycle, abyss_entry, hell_entry
Depths:4: grunt_zot_entry_gee_three, layout_gridlike, hangedman_coc_ice_floe,
          pan_entry, serial_bayou_shore_b, serial_bayou_shore_b,
          serial_bayou_shore_b
Zot:1:    layout_cellular_growth
Zot:2:    evilmike_crystal_ball_defense, layout_basic, st_grand_hoard_of_tiamat
Zot:3:    layout_onion_interference
Zot:4:    layout_misc_corridors
Zot:5:    layout_gridlike, st_stairs_12, grunt_ministairs_12

Skill      XL: |  1  2  3  4  5  6  7  8  9 10 11 12 13 14 15 16 17 18 19 20 21 22 23 24 25 |
---------------+----------------------------------------------------------------------------+-----
Axes           | 3 4 5 6 7 9 11 14 15 16 18 22 | 22.0
Fighting       | 4 5 6 7 8 10 12 13 16 18 20 22 24 25 26 27 | 27.0
Invocations    | 2 5 8 10 11 12 | 12.0
Armour         | 4 6 8 11 14 16 20 22 | 22.0
Shields        | 4 6 8 11 14 16 20 22 | 22.0
Throwing       | 5 7 9 11 14 16 18 20 21 22 | 22.0
Evocations     | 6 12 | 12.6

Action                     |  1- 3 |  4- 6 |  7- 9 | 10-12 | 13-15 | 16-18 | 19-21 | 22-24 | 25-27 || total
---------------------------+-------+-------+-------+-------+-------+-------+-------+-------+-------++-------
  Melee: War axe           |    88 |   122 |   233 |   545 |       |       |       |       |       ||   988
         Headbutt          |     8 |    14 |    41 |   110 |   206 |   210 |   280 |   307 |    37 ||  1213
         Broad axe         |       |       |       |    27 |  1064 |   780 |   878 |   861 |   143 ||  3753
  Throw: Dart              |       |     2 |     4 |    30 |     1 |       |       |       |       ||    37
         Javelin           |       |       |       |     6 |    10 |    28 |    18 |    33 |    14 ||   109
 Invoke: Heroism           |       |       |       |     5 |     1 |     7 |    11 |    10 |     3 ||    37
         Receive Weapon    |       |       |       |       |     1 |       |       |       |       ||     1
         Receive Armour    |       |       |       |       |     1 |       |       |       |       ||     1
         Duel              |       |       |       |       |       |     1 |     2 |       |     1 ||     4
         Finesse           |       |       |       |       |       |     1 |       |     1 |     3 ||     5
  Evoke: Wand              |       |       |       |       |       |       |       |     1 |     6 ||     7
    Use: Scroll            |       |       |    10 |    13 |    11 |    10 |    10 |    12 |     4 ||    70
         Potion            |       |       |       |       |     2 |     5 |     3 |     1 |    12 ||    23
   Stab: Distracted        |       |       |       |       |       |     3 |    24 |    22 |     5 ||    54
 Armour: Scale mail        |    51 |    30 |       |       |       |       |       |       |       ||    81
         Chain mail        |       |    34 |     1 |       |       |       |       |       |       ||    35
         Plate armour      |       |       |   156 |   365 |    69 |       |       |       |       ||   590
         Crystal plate arm |       |       |       |       |   699 |   708 |   392 |   230 |       ||  2029
         Gold dragon scale |       |       |       |       |       |       |       |   247 |    74 ||   321
  Dodge: Dodged            |    53 |    84 |   140 |   287 |   258 |    85 |    60 |   115 |    25 ||  1107
  Block: Buckler           |    21 |    34 |    45 |    74 |       |       |       |       |       ||   174
         Kite shield       |       |       |       |   242 |  1173 |   965 |   734 |   691 |   103 ||  3908
         Reflection        |       |       |       |       |    24 |   111 |    99 |    10 |       ||   244

Table legend: (Time is in decaauts)
 A = Elapsed time spent in this place.
 B = Non-inter-level travel time spent in this place.
 C = Inter-level travel time spent in this place.
 D = Time resting spent in this place.
 E = Time spent auto-exploring this place.
 F = Levels seen in this place.
 G = Mean time per level.
                   A        B        C        D        E       F      G
               +--------+--------+--------+--------+--------+-----+--------+
         Total |  52721 |  49341 |   3380 |   7329 |  30610 |  52 | 1013.9 |
       Dungeon |  17117 |  15832 |   1285 |   2478 |  10125 |  15 | 1141.1 |
        Temple |     38 |      3 |     35 |      0 |      0 |   1 |   38.0 |
          Lair |   6283 |   5571 |    712 |    237 |   4242 |   5 | 1256.6 |
         Swamp |   3466 |   3251 |    215 |    341 |   2245 |   4 |  866.5 |
     Snake Pit |   6522 |   6267 |    255 |   1741 |   3372 |   4 | 1630.5 |
  Orcish Mines |   1561 |   1489 |     72 |    336 |    696 |   2 |  780.5 |
        Vaults |   6857 |   6455 |    402 |    629 |   4009 |   5 | 1371.4 |
        Depths |   4179 |   4030 |    149 |     17 |   2937 |   4 | 1044.8 |
           Zot |   5046 |   4793 |    253 |    970 |   2659 |   5 | 1009.2 |
         Trove |     55 |     55 |      0 |      0 |      9 |   1 |   55.0 |
      Ice Cave |    843 |    843 |      0 |    449 |     57 |   1 |  843.0 |
        Wizlab |    661 |    661 |      0 |    129 |    258 |   1 |  661.0 |
         Arena |     86 |     86 |      0 |      0 |      0 |   4 |   21.5 |
               +--------+--------+--------+--------+--------+-----+--------+

Top non-repeatable levels by time:
 Snake:4: 2025 daAuts
 Snake:1: 1903 daAuts
 Snake:2: 1873 daAuts
    D:10: 1759 daAuts
     D:9: 1689 daAuts
   Zot:2: 1620 daAuts
Vaults:5: 1583 daAuts
Vaults:1: 1560 daAuts
    D:11: 1432 daAuts
  Lair:4: 1427 daAuts
    D:12: 1388 daAuts
   Zot:5: 1326 daAuts
  Lair:5: 1271 daAuts
     D:4: 1265 daAuts
Depths:2: 1258 daAuts
